 Dungeon Crawl Stone Soup version 0.29.1-2-gbd0b4ee654 (webtiles) character file.

Game seed: 6716784331561362557

52 GigaChad the Shield-Bearer (level 3, -2/36 HPs)
             Began as a Troll Fighter on Nov 23, 2022.
             Was a Believer of Lugonu.
             Slain by a gnoll
             ... wielding a +0 flail
              (8 damage)
             ... on level 2 of the Dungeon.
             The game lasted 00:01:41 (657 turns).

GigaChad the Shield-Bearer (Troll Fighter)           Turns: 657, Time: 00:01:42

Health: -2/36      AC:  4    Str: 26    XL:     3   Next: 60%
Magic:  2/2        EV:  8    Int:  4    God:    Lugonu [**....]
Gold:   74         SH:  7    Dex:  9    Spells: 2/2 levels left

rFire   . . .      SeeInvis .     - Unarmed
rCold   . . .      Faith    .   b - +0 kite shield
rNeg    . . .      Spirit   .   a - +0 robe
rPois   .          Reflect  .   (helmet restricted)
rElec   .          Harm     .   (no cloak)
rCorr   .          Rampage  .   (gloves unavailable)
Will    .....                   (boots unavailable)
Stlth   +.........              (no amulet)
HPRegen 0.92/turn               (no ring)
MPRegen 0.08/turn               (no ring)

@: no status effects
A: large, unfitting armour, claws 3, regeneration 1, shaggy fur 1, tough skin 1
a: Renounce Religion, Depart the Abyss, Bend Space


You were on level 2 of the Dungeon.
You worshipped Lugonu.
Lugonu was pleased with you.
You visited 1 branch of the dungeon, and saw 2 of its levels.

You collected 74 gold pieces.

Inventory:

Hand Weapons
 f - a +1 vorpal quarterstaff
Armour
 a - a +0 robe (worn)
 b - a +0 kite shield (worn)
Scrolls
 d - a scroll of fog {unknown}
 e - a scroll of identify {unknown}
 g - 2 scrolls of enchant armour {unknown}
 k - a scroll of teleportation {unknown}
Potions
 c - 2 potions of might
 h - a potion of curing {unknown}
 i - a potion of mutation {unknown}
 j - a potion of resistance {unknown}


   Skills:
 + Level 2.6 Fighting
 + Level 2.9 Dodging
 + Level 3.0 Shields
 + Level 2.9 Unarmed Combat


You had 2 spell levels left.
You didn't know any spells.
Your spell library contained the following spells:

 Spells                   Type           Power      Damage    Failure   Level
 Freeze                   Ice            0%         1d3       80%         1
 Frozen Ramparts          Ice            0%         1d1       99%         3
 Hailstorm                Conj/Ice       0%         3d3       100%        4


Dungeon Overview and Level Annotations

Branches:
Dungeon (2/15)

Altars:
Lugonu

Shops:
D:1 [


Innate Abilities, Weirdness & Mutations

You are too large for most types of armour.
You have claws for hands.
Your natural rate of healing is unusually fast.
You are covered in fur. (AC +1)
You have tough skin. (AC +1)


Message History

The kobold closely misses you.
You scratch the kobold but do no damage.
The kobold is severely wounded.
The gnoll hits you with a +0 whip. You block the kobold's attack.
You block the gnoll's attack.
You closely miss the gnoll. You block the kobold's attack.
You block the gnoll's attack. The gnoll hits you with a +0 flail.
You scratch the gnoll.
The gnoll is moderately wounded.
You block the gnoll's attack.
The kobold hits you with a +0 short sword.
You block the gnoll's attack. The gnoll hits you with a +0 club.
You barely miss the gnoll.
The gnoll is moderately wounded.
The gnoll hits you with a +0 whip. You block the gnoll's attack.
The gnoll barely misses you. You block the kobold's attack.
You barely miss the gnoll.
The gnoll is moderately wounded.
The gnoll hits you with a +0 whip. The gnoll barely misses you.
The gnoll closely misses you. The kobold hits you but does no damage.
You block the kobold's attack. The gnoll closely misses you.
You block the gnoll's attack. The gnoll hits you with a +0 whip.
You claw the gnoll!
You kill the gnoll!
Lugonu accepts your kill. You block the gnoll's attack.
The gnoll closely misses you. The kobold closely misses you.
You miss the kobold.
The kobold is severely wounded.
You block the gnoll's attack. x2; The kobold barely misses you.
You block the kobold's attack. The gnoll hits you with a +0 flail!
Things that are here:
a +0 whip; a gnoll corpse You closely miss the gnoll.
The gnoll hits you with a +0 club.
* * * LOW HITPOINT WARNING * * *
The gnoll barely misses you.
The kobold hits you with a +0 short sword.
* * * LOW HITPOINT WARNING * * *
You scratch the gnoll but do no damage. The gnoll hits you with a +0 flail!
You die...

......#......####
.........[....$.^
##...........###
#..........<# .
#....#...?.># ..
#...........# #...
#...........#.....
#.....##..gK..##..
#..<.# #..@gJ.....
.... #.###......
... #.# ...... #.
..# ...... .##
.....$ .( ..... .#
....


You could see 2 gnolls, an endoplasm and a kobold.

Vanquished Creatures
  2 gnolls (D:2)
  2 endoplasms (D:1)
  2 giant cockroaches (D:1)
  5 hobgoblins
  3 jackals (D:1)
  A quokka (D:1)
  4 ball pythons (D:1)
  2 bats (D:1)
  3 goblins (D:1)
  3 kobolds (D:1)
  3 rats (D:1)
30 creatures vanquished.

Notes
Turn   | Place    | Note
-------+----------+-------------------------------------------
     0 | D:1      | GigaChad the Troll Fighter began the quest for the Orb.
     0 | D:1      | Reached XP level 1. HP: 22/22 MP: 0/0
    34 | D:1      | Found Ebouc's Antique Armour Shop.
   138 | D:1      | Found a faded altar of an unknown god.
   146 | D:1      | Reached XP level 2. HP: 28/29 MP: 1/1
   153 | D:1      | Prayed at the altar of an unknown god.
   153 | D:1      | Became a worshipper of Lugonu the Unformed
   153 | D:1      | Reached * piety under Lugonu
   153 | D:1      | Reached ** piety under Lugonu
   316 | D:1      | Reached skill level 3 in Shields
   540 | D:1      | Reached XP level 3. HP: 35/36 MP: 2/2
   657 | D:2      | Slain by a gnoll

Illustrated notes

Levels and vault maps discovered:
D:1:      zaba_arrival_water, layout_rooms, basic_ecumenical_altar,
          serial_shops, nicolae_shop_crystal, serial_forest,
          infiniplex_forest_lined_room_3, infiniplex_forest_clump_C,
          infiniplex_forest_lined_2, infiniplex_forest_lined_4_way,
          infiniplex_forest_clump_curved, infiniplex_forest_clump_double,
          infiniplex_forest_clump_tiny, infiniplex_forest_lined_corner,
          infiniplex_forest_straight_5
D:2:      layout_rooms

Skill      XL: |  1  2 |
---------------+-------+-----
Shields        | 3 |  3.0
Fighting       | |  2.6
Dodging        | |  2.9
Unarmed Combat | |  2.9

Action                   || total
-------------------------++-------
Melee: Unarmed           ||    80
Armor: Robe              ||    20
Dodge: Dodged            ||    41
Block: Kite shield       ||    45
